 Dungeon Crawl Stone Soup version 0.27.1-34-g3ba077fa99 (webtiles) character file.

Game seed: 9480023354779690595

70 iwittbrodt the Shooter (level 4, 0/26 HPs)
             Began as a Deep Elf Hunter on Jan 20, 2022.
             Slain by Natasha (4 damage)
             ... on level 2 of the Dungeon.
             The game lasted 00:13:42 (2990 turns).

iwittbrodt the Shooter (Deep Elf Hunter)            Turns: 2990, Time: 00:13:43

Health: 0/26       AC:  3    Str:  9    XL:     4   Next: 4%
Magic:  6/6        EV: 12    Int: 16    God:
Gold:   32         SH:  0    Dex: 16    Spells: 2/3 levels left

rFire    . . .     SeeInvis .   a - +1 shortbow
rCold    . . .     Faith    .   (shield currently unavailable)
rNeg     + . .     Spirit   .   c - +0 leather armour
rPois    .         Reflect  .   (no helmet)
rElec    .         Harm     .   (no cloak)
rCorr    .         Rampage  .   (no gloves)
Will     .....                  (no boots)
Stlth    ++........             (no amulet)
HPRegen  0.08/turn              n - ring of positive energy
MPRegen  0.10/turn              (no ring)

@: slowed, very slow
A: no striking features
a: no special abilities


You were on level 2 of the Dungeon.
You visited 1 branch of the dungeon, and saw 3 of its levels.

You collected 32 gold pieces.

Inventory:

Hand Weapons
 a - a +1 shortbow (weapon)
 b - a +0 dagger
Missiles
 d - 22 arrows (quivered ammo)
 f - 28 poisoned darts
 g - 70 stones
Armour
 c - a +0 leather armour (worn)
Jewellery
 n - a ring of positive energy (left hand)
Scrolls
 e - a scroll of enchant weapon {unknown}
 l - a scroll of amnesia {unknown}
 m - a scroll of enchant armour {unknown}
 o - a scroll of blinking {unknown}
Potions
 h - a potion of heal wounds {unknown}
 i - a potion of flight {unknown}
 j - 2 potions of attraction {unknown}
 k - a potion of curing {unknown}


   Skills:
 + Level 2.1 Fighting
 * Level 6.3 Bows
 - Level 0.2 Armour
 + Level 3.2 Dodging
 - Level 2.0 Stealth


You had 2 spell levels left.
You knew the following spells:

 Your Spells              Type           Power      Damage    Failure   Level
a - Summon Small Mammal   Summ           0%         N/A       34%         1

Your spell library contained the following spells:

 Spells                   Type           Power      Damage    Failure   Level
 Sting                    Tmut/Pois      0%         1d3       34%         1
 Poisonous Vapours        Pois/Air       0%         N/A       47%         2
 Sublimation of Blood     Necr           0%         N/A       47%         2
 Wereblood                Tmut           0%         N/A       47%         2
 Call Canine Familiar     Summ           0%         N/A       71%         3
 Summon Guardian Golem    Hex/Summ       0%         N/A       71%         3
 Olgreb's Toxic Radiance  Pois           0%         N/A       98%         4
 Summon Hydra             Summ           0%         N/A       100%        7


Dungeon Overview and Level Annotations

Branches:
Dungeon (3/15)

Altars:

Annotations:
D:2 Natasha


Message History

Your bat dies!
Your bat's corpse disappears in a puff of smoke!
The jelly barely misses you.
You shoot an arrow. The arrow hits the jelly.
The jelly is heavily wounded.
The jelly closely misses you.
You shoot an arrow.
The arrow hits the jelly but does no damage.
The jelly is heavily wounded.
The jelly hits you but does no damage.
You shoot an arrow. The arrow hits the jelly.
The jelly is severely wounded.
The jelly hits you.
You are splashed with acid!
* * * LOW HITPOINT WARNING * * *
You are too injured to fight recklessly!
The jelly hits you.
* * * LOW HITPOINT WARNING * * *
The acid corrodes you!
You are splashed with acid.
* * * LOW HITPOINT WARNING * * *
The jelly jiggles.
You are no longer corroded.
Natasha hisses angrily.
Natasha barely misses you. Natasha casts a spell at you.
The magic dart hits you.
* * * LOW HITPOINT WARNING * * *
Natasha howls an incantation.
Natasha glows brightly for a moment.
Natasha barely misses you.
Natasha stares at you and mumbles some strange words.
You feel yourself slow down.
Natasha stares at you and mumbles some strange words.
You feel as though you will be slow longer.
Natasha wildly gestures.
Natasha shimmers violently.
Natasha barely misses you. Natasha barely misses you. Natasha misses you.
Natasha claws you.
You die...

####...####### #............
#..<........########.##########.
#.#...##.............)..<.......
##.##.###.###########.#....)..##.
.#.##.# #.# #........h......
.#.##.# #.########.##.###.#5.....
......###.#.....##.#.............
................##.#..####.......
##.####...#....h@.....# #......รท
#># #.###....J#.##..#####....5.
#.# #.# #.....#.##.............
#.# #.# #.#.###.##.#####..#.#.#
##.# #.# #.#.# #.##.# #.#(..##
.(.# #.###.#.# #.##.#####.##.###
##### #.##.#..# #.##.......##.# #
....###.###.#.# #....####..##.###
###<..........# ###### #....#...


You could see a jelly and Natasha.

Vanquished Creatures
  3 adders (D:2)
  A worm (D:2)
  4 endoplasms
  A giant cockroach (D:1)
  5 goblins
  4 hobgoblins
  A quokka (D:2)
  3 ball pythons
  2 bats
  4 frilled lizards
  7 kobolds
  7 rats
42 creatures vanquished.

Notes
Turn   | Place    | Note
-------+----------+-------------------------------------------
     0 | D:1      | iwittbrodt the Deep Elf Hunter began the quest for the Orb.
     0 | D:1      | Reached XP level 1. HP: 12/12 MP: 3/3
   346 | D:1      | Reached XP level 2. HP: 10/17 MP: 4/4
   707 | D:1      | Learned a level 1 spell: Summon Small Mammal
  1381 | D:2      | Reached XP level 3. HP: 21/21 MP: 5/5
  1788 | D:2      | Reached skill level 6 in Bows
  2462 | D:2      | Reached XP level 4. HP: 26/26 MP: 6/6
  2606 | D:3      | Noticed Natasha
  2930 | D:2      | HP: 1/26 [acid (4)]
  2990 | D:2      | Slain by Natasha

Illustrated notes

Levels and vault maps discovered:
D:1:      minmay_arrival_stair_chambers, layout_loops_ring, corexii_corridor_pit
D:2:      layout_loops_ring, nrook_uturn, kennysheep_big_empty_room
D:3:      wander_river, layout_rooms, patterned_corridor,
          uniq_crazy_yiuf_cottage, uniq_natasha

Skill      XL: |  1  2  3 |
---------------+----------+-----
Stealth        | 2 |  2.0
Fighting       | 2 |  2.1
Bows           | 6 |  6.3
Dodging        | 3 |  3.2
Armour         | |  0.2

Action                   |  1- 3 |  4- 6 || total
-------------------------+-------+-------++-------
Melee: Dagger            |    23 |       ||    23
       Short sword       |     4 |       ||     4
 Fire: Shortbow          |   112 |     3 ||   115
 Cast: Summon Small Mamm |       |     3 ||     3
Armor: Leather armour    |     7 |     4 ||    11
Dodge: Dodged            |    23 |    10 ||    33
